 Dungeon Crawl Stone Soup version 0.28.0-53-g5a82cb258f (webtiles) character file.

Game seed: 17090956749152317000

4 Nyth the Skirmisher (level 1, 0/20 HPs)
             Began as a Minotaur Berserker on Aug 8, 2022.
             Was a Follower of Trog.
             Slain by a goblin
             ... wielding a +0 dagger
              (3 damage)
             ... on level 1 of the Dungeon.
             The game lasted 00:00:26 (24 turns).

Nyth the Skirmisher (Minotaur Berserker)              Turns: 24, Time: 00:00:26

Health: 0/20       AC:  2    Str: 21    XL:     1   Next: 58%
Magic:  0/0        EV: 12    Int:  4    God:    Trog [*.....]
Gold:   0          SH:  0    Dex:  9    Spells: 0/0 levels left

rFire   . . .      SeeInvis .   a - +0 falchion
rCold   . . .      Faith    .   (no shield)
rNeg    . . .      Spirit   .   b - +0 animal skin
rPois   .          Reflect  .   (helmet restricted)
rElec   .          Harm     .   (no cloak)
rCorr   .          Rampage  .   (no gloves)
Will    .....                   (no boots)
Stlth   +.........              (no amulet)
HPRegen 0.06/turn               (no ring)
MPRegen 0.07/turn               (no ring)

@: on berserk cooldown, slowed, very slow
A: horns 2, retaliatory headbutt
a: Renounce Religion, Berserk


You were on level 1 of the Dungeon.
You worshipped Trog.
Trog was aware of your devotion.
You visited 1 branch of the dungeon, and saw 1 of its levels.

Inventory:

Hand Weapons
 a - a +0 falchion (weapon)
Armour
 b - a +0 animal skin (worn)


   Skills:
 + Level 3.8 Fighting
 + Level 3.8 Long Blades
 + Level 2.4 Armour
 + Level 2.2 Dodging


You couldn't memorise any spells.
You didn't know any spells.
Your spell library was empty.

Dungeon Overview and Level Annotations

Branches:
Dungeon (1/15)

Altars:


Innate Abilities, Weirdness & Mutations

You have a pair of horns on your head.
You reflexively headbutt those who attack you in melee.


Message History

The kobold barely misses you.
The kobold hits you with a +0 short sword.
You miss the goblin. You headbutt the goblin.
You kill the goblin!
Trog accepts your kill. The kobold closely misses you.
The kobold completely misses you.
You hit the kobold but do no damage. Your headbutt misses the kobold.
The ball python bites you. The ball python grabs you.
The ball python constricts you.
The kobold hits you with a +0 short sword.
The ball python bites you. The ball python constricts you.
You barely miss the ball python. Your headbutt misses the ball python.
The kobold hits you with a +0 short sword.
The ball python closely misses you. The ball python constricts you.
The kobold barely misses you. You furiously retaliate!
You headbutt the kobold, but do no damage.
The ball python barely misses you. You furiously retaliate!
You headbutt the ball python.
You kill the ball python!
Trog accepts your kill.
You are too injured to fight recklessly!
You are too injured to fight recklessly!
You are too injured to fight recklessly!
You hit the kobold. You punch the kobold, but do no damage.
The kobold is severely wounded.
The kobold hits you but does no damage.
The kobold hits you with a +0 short sword.
You barely miss the goblin. The goblin hits you with a +0 dagger.
* * * LOW HITPOINT WARNING * * *
The kobold misses you. The goblin hits you with a +0 dagger.
* * * LOW HITPOINT WARNING * * *
You hit the kobold.
You kill the kobold!
Trog accepts your kill. The goblin misses you.
The goblin hits you with a +0 dagger.
* * * LOW HITPOINT WARNING * * *
You barely miss the goblin. Your headbutt misses the goblin.
The goblin closely misses you. x2
You barely miss the goblin. The goblin hits you with a +0 dagger.
You die...

.. ########. .#.#
....:.... ...#
......... ..>..
......# .....
.=..#...... ##+#####
#))#......
.......####.@g......
........##..###....
.# #+#......#..# .
... #>##.....'..#
.... #<##.....'..#
.....#'#...#..#..#
.........#...##..#
##.........####..#
#####+##### #..#


You could see a goblin.

Vanquished Creatures
  A ball python (D:1)
  A goblin (D:1)
  2 kobolds (D:1)
4 creatures vanquished.

Notes
Turn   | Place    | Note
-------+----------+-------------------------------------------
     0 | D:1      | Nyth the Minotaur Berserker began the quest for the Orb.
     0 | D:1      | Reached XP level 1. HP: 19/19 MP: 0/0
    24 | D:1      | Slain by a goblin

Illustrated notes

Levels and vault maps discovered:
D:1:      dpeg_arrival_refuge, layout_basic

Action                   || total
-------------------------++-------
Melee: Falchion          ||     9
       Headbutt          ||     1
       Punch             ||     1
Invok: Berserk           ||     1
Armor: Animal skin       ||     1
Dodge: Dodged            ||    11
